 Dungeon Crawl Stone Soup version 0.22-a0-368-g870eee8 (webtiles) character file.

12 dstrtnsr the Vexing (level 2, 0/28 HPs)
             Began as an Ogre Enchanter on Apr 23, 2018.
             Slain by a hound skeleton (2 damage)
             ... on level 4 of the Dungeon.
             The game lasted 00:02:41 (252 turns).

dstrtnsr the Vexing (Ogre Enchanter)                 Turns: 252, Time: 00:02:42

Health: 0/28       AC:  3    Str: 11    XL:     2   Next: 33%
Magic:  4/5        EV: 10    Int: 16    God:
Gold:   17         SH:  0    Dex:  9    Spells: 3/6 levels left

rFire    . . .     SeeInvis .   a - +1 dagger
rCold    . . .     Gourm    .   (no shield)
rNeg     . . .     Faith    .   b - +0 robe
rPois    .         Spirit   .   (helmet restricted)
rElec    .         Reflect  .   (no cloak)
rCorr    .         Harm     .   (gloves unavailable)
MR       .....                  (boots unavailable)
Stlth    ++........             (no amulet)
HPRegen  0.09/turn              (no ring)
MPRegen  0.09/turn              (no ring)

@: no status effects
A: large, unfitting armour, tough skin 1
a: no special abilities


You were on level 4 of the Dungeon.
You were not hungry.

You visited 1 branch of the dungeon, and saw 4 of its levels.

You collected 17 gold pieces.

Inventory:

Hand Weapons
 a - a +1 dagger (weapon)
Armour
 b - a +0 robe (worn)
Scrolls
 c - a scroll of magic mapping {unknown}
 e - a scroll of identify {unknown}
Comestibles
 d - a ration {!d}


   Skills:
 * Level 1.6 Fighting
 - Level 1.0 Short Blades
 + Level 2.0 Dodging
 - Level 2.1 Stealth
 + Level 2.6 Spellcasting
 - Level 2.6 Hexes


You had 3 spell levels left.
You knew the following spells:

 Your Spells              Type           Power        Failure   Level  Hunger
a - Corona                Hex            ##.....      6%          1    #......
b - Ensorcelled Hibernat  Hex/Ice        #.....       17%         2    ##.....


Dungeon Overview and Level Annotations

Branches:
Dungeon (4/15)
 Temple: D:4-7

Altars:
Wu Jian
Yredelemnul

Annotations:
D:4 1 transporter


Innate Abilities, Weirdness & Mutations

You are too large for most types of armour.
You have tough skin. (AC +1)


Message History

You kill the adder!
Your Fighting skill increases to level 1!
Your Dodging skill increases to level 2!
You have reached level 2!
The crimson imp hits you but does no damage.
Unknown command.
You feel sick.
Damage: -3%(-1hp) hp: 33%(9hp) Unknown command.
The crimson imp blinks!
Unknown command.
Unknown command.
You feel sick.
The crimson imp blinks!
Damage: -4%(-1hp) hp: 29%(8hp) Unknown command.
Memorise Ensorcelled Hibernation, consuming 2 spell levels and leaving 3?
You start memorising the spell.
You continue memorising. x2
The crimson imp blinks!
You finish memorising.
Spell assigned to 'b'.
Unknown command.
You feel sick.
You are no longer poisoned.
Unknown command.
Casting: Corona (safe; 6% risk of failure)
Confirm with . or Enter, or press ? or * to list all spells.
Aiming: Ensorcelled Hibernation (safe; 17% risk of failure)
Press: ? - help, Shift-Dir - straight line, f - crimson imp
Aim: a crimson imp, wearing a robe (chance to defeat MR: 22%)
The crimson imp looks drowsy...
The crimson imp shouts!
The crimson imp barely misses you.
You barely miss the crimson imp. The crimson imp barely misses you.
The crimson imp shouts, "Flee, thou horrid sheep-biting blabberskite!"
The crimson imp blinks!
Things that are here:
a scroll labeled VEHUYG UMAANNA; a scroll of remove curse {@r2} Unknown command.
c - a scroll labeled VEHUYG UMAANNA The crimson imp closely misses you.
The crimson imp closely misses you.
The crimson imp blinks!
Found 17 gold pieces.
Found 14 stones.
Found a stone staircase leading up.
You see here 17 gold pieces.
You now have 17 gold pieces.
You see here 14 stones.
The crimson imp sputters.
The crimson imp blinks!
Found an ornate altar of the Wu Jian Council.
A hound skeleton comes into view.
Casting: Ensorcelled Hibernation (safe; 17% risk of failure)
Confirm with . or Enter, or press ? or * to list all spells.
Aiming: Corona (safe; 6% risk of failure)
Press: ? - help, Shift-Dir - straight line, f - hound skeleton
Aim: a hound skeleton (chance to defeat MR: 60%)
The hound skeleton is outlined in light.
You hit the hound skeleton.
The hound skeleton is lightly damaged.
The hound skeleton barely misses you.
You hit the hound skeleton.
The hound skeleton is moderately damaged.
The hound skeleton bites you.
* * * LOW HITPOINT WARNING * * *
The hound skeleton barely misses you.
Damage: -7%(-2hp) hp: 40%(11hp)
You hit the hound skeleton.
The hound skeleton is heavily damaged.
The hound skeleton bites you but does no damage.
The crimson imp blinks!
You hit the hound skeleton.
The hound skeleton is heavily damaged.
The hound skeleton barely misses you.
You hit the hound skeleton but do no damage.
The hound skeleton is heavily damaged.
The hound skeleton barely misses you.
Unknown command.
You hit the hound skeleton.
The hound skeleton is severely damaged.
The hound skeleton bites you.
* * * LOW HITPOINT WARNING * * *
The hound skeleton bites you.
* * * LOW HITPOINT WARNING * * *
Huge Dmg: -18%(-5hp) hp: 22%(6hp)
You hit the hound skeleton.
The hound skeleton is severely damaged.
The hound skeleton bites you.
* * * LOW HITPOINT WARNING * * *
Huge Dmg: -14%(-4hp) hp: 8%(2hp)
The hound skeleton stops glowing.
You aren't carrying any potions.
Unknown command.
Press: ? - help, v - describe, . - travel
Here: a hound skeleton (severely damaged)
The floor.
You hit the hound skeleton.
The hound skeleton is almost destroyed.
The hound skeleton bites you.
* * * LOW HITPOINT WARNING * * *
The crimson imp blinks!
The hound skeleton bites you.
You die...

#......5# #..
#.####..# .. ###.#
#(<##### .. #...##
#.......
.###....###..#####
......_......#
#.###...5###.# #.#
##...# .# #@#
#.### .# #Z####.#
.# #.ยง....# .#
######.......#
########


You could see a hound skeleton.

Vanquished Creatures
  An adder (D:4)
  An adder skeleton (D:4)
2 creatures vanquished.

Notes
Turn   | Place    | Note
-------+----------+-------------------------------------------
     0 | D:1      | dstrtnsr the Ogre Enchanter began the quest for the Orb.
     0 | D:1      | Reached XP level 1. HP: 16/16 MP: 3/3
    21 | D:4      | Found a transporter.
    31 | D:4      | HP: 6/16 [poisoned by a kobold]
    35 | D:4      | Reached skill level 1 in Short Blades
    39 | D:4      | HP: 2/18 [poisoned by a kobold]
    71 | D:4      | Found a basalt altar of Yredelemnul.
   158 | D:4      | Noticed a crimson imp
   172 | D:4      | HP: 7/18 [poisoned by an adder]
   175 | D:4      | Reached skill level 1 in Fighting
   175 | D:4      | Reached XP level 2. HP: 10/28 MP: 3/5
   180 | D:4      | HP: 8/28 [poisoned by an adder]
   184 | D:4      | Learned a level 2 spell: Ensorcelled Hibernation
   231 | D:4      | Found an ornate altar of the Wu Jian Council.
   244 | D:4      | HP: 11/28 [hound skeleton (2)]
   249 | D:4      | HP: 2/28 [hound skeleton (4)]
   252 | D:4      | Slain by a hound skeleton

Vault maps used:
D:1:      dpeg_arrival_connections, minmay_misc_feat_five, minmay_tetromino_o2
D:2:      gammafunk_temple_overflow_arena, lemuel_doored_altar, first_ration,
          uniq_robin
D:3:      good_gods_temple_1, uniq_crazy_yiuf_cottage, uniq_ijyb
D:4:      gammafunk_temple_of_torment, nicolae_overflow_crystal_walls,
          serial_shops, shop

Skill      XL: |  1 |
---------------+----+-----
Short Blades   | 1 |  1.0
Fighting       | 1 |  1.6
Dodging        | 2 |  2.0
Stealth        | |  2.1
Spellcasting   | |  2.6
Hexes          | |  2.6

Action                   || total
-------------------------++-------
Melee: Dagger            ||    20
 Cast: Corona            ||     3
       Ensorcelled Hiber ||     1
  Use: Scroll            ||     1
Armor: Robe              ||     3
Dodge: Dodged            ||    14

Table legend:
 A = Spawn XP
 B = Non-spawn XP
 C = Spawn XP percentage of total XP
 D = Spawn monster count
 E = Non-spawn monster count
 F = Spawn count percentage of total count
 G = Total turns spent on level
                    A         B        C        D         E        F      G
               +---------+---------+-------+---------+---------+-------+---------
         Total |       0 |      18 |   0.0 |       0 |       2 |   0.0 |   252
               +---------+---------+-------+---------+---------+-------+---------
           D:4 |       0 |      18 |   0.0 |       0 |       2 |   0.0 |   233
               +---------+---------+-------+---------+---------+-------+---------
